 Dungeon Crawl Stone Soup version 0.26.1-11-gd32895ea62 (webtiles) character file.

Game seed: 17063819237456127426

9746 ABBCCCDDDD the Fighter (level 11, -1/72 HPs)
             Began as a Tengu Summoner on July 25, 2021.
             Was a Priest of Zin.
             Hit by a boomerang thrown by an orc warrior (15 damage)
             ... on level 1 of the Orcish Mines.
             The game lasted 00:56:42 (25037 turns).

ABBCCCDDDD the Fighter (Tengu Summoner)            Turns: 25037, Time: 00:56:43

Health: -1/72      AC:  5    Str:  6    XL:     11   Next: 51%
Magic:  11/15      EV: 16    Int: 16    God:    Zin [***...]
Gold:   580        SH:  7    Dex: 21    Spells: 3/14 levels left

rFire    . . .     SeeInvis .   S - +8 autumn katana {vorpal, Clar}
rCold    . . .     Faith    .   P - +1 buckler of Too Many Cooks {rElec rPois Dex+5}
rNeg     . . .     Spirit   .   R - +0 troll leather armour
rPois    +         Reflect  .   (helmet restricted)
rElec    +         Harm     .   (no cloak)
rCorr    .         Rampage  .   j - +0 pair of gloves
Will     .....     Clarity  +   (boots unavailable)
Stlth    ++++++....             (no amulet)
HPRegen  0.62/turn              g - -4 ring of strength (curse)
MPRegen  0.14/turn              l - ring of stealth

@: flying quickly and evasively, studying Long Blades, quick
A: beak, talons 3, able to fly
a: Stop Flying, Renounce Religion, Recite, Vitalisation, Imprison, Donate Gold


You were on level 1 of the Orcish Mines.
You worshipped Zin.
Zin was most pleased with you.
You visited 3 branches of the dungeon, and saw 13 of its levels.
You also visited: Sewer.

You collected 644 gold pieces.
You donated 64 gold pieces to Zin.

Inventory:

Hand Weapons
 r - a +0 dagger of venom
 K - a +7 dagger
 Q - a +2 hand axe of freezing
 S - the +8 autumn katana (weapon) {vorpal, Clar}
   (You found it on level 10 of the Dungeon)

   It inflicts extra damage upon your enemies.
   It protects you against confusion.
Missiles
 u - 28 poisoned darts (quivered)
 y - 3 throwing nets
Armour
 j - a +0 pair of gloves (worn)
 s - a +0 robe
 P - the +1 buckler of Too Many Cooks (worn) {rElec rPois Dex+5}
   (You took it off a big kobold on level 8 of the Dungeon)

   It affects your dexterity (+5).
   It insulates you from electricity.
   It protects you from poison.
 R - a +0 troll leather armour (worn)
Jewellery
 f - an uncursed ring of see invisible
 g - a cursed -4 ring of strength (left hand)
 l - a ring of stealth (right hand)
 q - an uncursed ring of willpower
 C - an uncursed ring of willpower
Wands
 c - a wand of enslavement (5)
 w - a wand of iceblast (25)
Scrolls
 b - 3 scrolls of fog
 d - 7 scrolls of teleportation
 k - 6 scrolls of fear {unknown}
 o - a scroll of immolation
 p - 3 scrolls of remove curse
 t - 5 scrolls of blinking {unknown}
 x - 5 scrolls of amnesia {unknown}
 z - a scroll of enchant weapon {unknown}
 F - a scroll of random uselessness {unknown}
 H - a scroll of noise {unknown}
 I - a scroll of magic mapping {unknown}
Potions
 a - a potion of magic
 e - 2 potions of heal wounds
 i - 6 potions of curing
 m - 4 potions of brilliance
 v - 4 potions of lignification {unknown}
 A - 3 potions of cancellation {unknown}
 B - 2 potions of berserk rage {unknown}
 D - 3 potions of haste
 E - 2 potions of flight {unknown}
 L - 2 potions of degeneration {unknown}
 M - 2 potions of resistance {unknown}
 N - a potion of invisibility {unknown}
Books
 O - a manual of Long Blades


   Skills:
 + Level 10.0 Fighting
 - Level 1.7(2.3) Short Blades
 * Level 2.3(2.6) Long Blades
 - Level 4.0 Dodging
 - Level 10.0 Stealth
 - Level 4.0 Shields
 - Level 2.0 Spellcasting
 - Level 8.0 Summonings
 - Level 9.2 Air Magic
 + Level 4.6 Evocations


You had 3 spell levels left.
You knew the following spells:

 Your Spells              Type           Power        Failure   Level
a - Summon Small Mammal   Summ           100%         1%          1
b - Call Imp              Summ           27%          1%          2
c - Petrify               Tmut/Erth      1%           97%         4
d - Summon Lightning Spi  Summ/Air       29%          10%         4

Your spell library contained the following spells:

 Spells                   Type           Power        Failure   Level
 Call Canine Familiar     Summ           27%          3%          3
 Summon Guardian Golem    Hex/Summ       14%          19%         3
 Confusing Touch          Hex            1%           67%         3
 Gell's Gravitas          Tloc           0%           67%         3
 Summon Ice Beast         Ice/Summ       14%          52%         4
 Animate Dead             Necr           0%           97%         4
 Borgnjor's Vile Clutch   Necr/Erth      0%           100%        5
 Metabolic Englaciation   Hex/Ice        0%           100%        5
 Yara's Violent Unravell  Hex/Tmut       0%           100%        5
 Death Channel            Necr           0%           100%        6
 Simulacrum               Ice/Necr       0%           100%        6


Dungeon Overview and Level Annotations

Branches:
Dungeon (11/15)            Temple (1/1) D:7             Orc (1/2) D:9
  Sewer (visited)
   Lair: D:8-11

Altars:
Ashenzari
Cheibriados
Dithmenos
Elyvilon
Fedhas
Gozag
Hepliaklqana
Kikubaaqudgha
Makhleb
Nemelex Xobeh
Okawaru
Qazlal
Ru
Sif Muna
Trog
Uskayaw
Vehumet
Wu Jian
Xom
Yredelemnul
Zin
The Shining One

Shops:
D:7 (

Annotations:
D:3 exclusion: 2 downstairs
D:7 2 runed translucent doors, PaladinM's ghost, novice DsFi
D:11 Nergalle


Innate Abilities, Weirdness & Mutations

You have a beak for a mouth.
You have claws for feet.
You can fly continuously.


Message History

The weapon returns to the orc warrior!
Casting: Summon Lightning Spire (dangerous; 10% risk of failure)
Confirm with . or Enter, or press ? or * to list all spells.
An electric hum fills the air.
The orc warrior throws a boomerang.
The boomerang misses you.
The weapon returns to the orc warrior!
The orc warrior throws a boomerang.
The boomerang misses you.
Your lightning spire shoots out a bolt of lightning at the orc warrior!
The bolt of electricity hits the orc warrior!
The bolt of electricity hits the orc!
The orc dies!
The orc warrior throws a boomerang.
The boomerang hits you!
The weapon returns to the orc warrior!
The cyclops throws a large rock.
The large rock hits you!!!
Ouch! That really hurt!
The orc warrior throws a boomerang.
The boomerang closely misses you.
The weapon returns to the orc warrior!
The cyclops throws a large rock.
The large rock hits you!
* * * LOW HITPOINT WARNING * * *
The orc warrior throws a boomerang.
The boomerang hits you!
You die...

... ..
.#.. .C
.....#.
.....#.
$......
.......##
..).o.8.##
......>@.#
..#.....##
##....#
.....##
#......
#......
#......
.......


You could see a cyclops, an orc warrior and a friendly lightning spire
(summoned).

Vanquished Creatures
  A two-headed ogre (D:10)
  A troll (D:10)
  A wyvern (D:10)
  2 yaks (D:8)
  A vampire (D:10)
  An ice beast (D:8)
  10 orc warriors
  3 sky beasts
  A black bear (D:8)
  A necrophage (D:8)
  8 ogres
  A phantom (D:10)
  8 centaurs
  3 big kobolds
  5 bullfrogs
  2 gnoll sergeants
  A wyvern zombie (D:11)
  5 scorpions
  8 killer bees (D:8)
  13 wights
  A jelly (D:6)
  A howler monkey (D:5)
  A centaur zombie (D:7)
  A bullfrog zombie (D:10)
  3 hounds
  2 gnoll shamans (D:6)
  7 orc priests
  7 bullfrog skeletons
  2 centaur skeletons
  4 iguanas
  10 worker ants
  12 orc wizards
  A hound skeleton (D:4)
  A hound zombie (D:5)
  2 worker ant zombies
  47 gnolls
  A howler monkey skeleton (D:7)
  17 adders
  9 river rats (D:5)
  A shadow imp (D:9)
  5 white imps
  2 ufetubi
  An ooze (D:2)
  2 adder skeletons
  An adder zombie (D:7)
  2 worms (D:2)
  A dart slug (D:2)
  7 leopard geckos
  45 orcs
  7 ball pythons
  8 giant cockroaches
  6 goblins
  8 hobgoblins
  30 jackals
  9 quokkas
  A ball python skeleton (D:4)
  4 bats
  10 frilled lizards
  20 kobolds
  A leopard gecko skeleton (D:9)
  3 quokka zombies
  19 rats
398 creatures vanquished.

Vanquished Creatures (collateral kills)
  2 freezing wraiths
  2 trolls
  A wraith (D:10)
  An ice beast (D:7)
  An orc warrior (D:9)
  2 ogres
  A nameless horror (D:6)
  A bullfrog (D:10)
  7 wights
  A gnoll shaman (D:7)
  An orc wizard (D:11)
  A worker ant (D:4)
  A worker ant zombie (D:10)
  5 gnolls
  4 adders
  A worm (D:2)
  6 orcs
  2 bats
  A hobgoblin (D:1)
  3 jackals
  A frilled lizard (Sewer)
  2 gnoll zombies (D:2)
  A kobold (D:1)
  A rat (D:1)
49 creatures vanquished.

Vanquished Creatures (others)
  20 plants
20 creatures vanquished.

Grand Total: 467 creatures vanquished

Notes
Turn   | Place    | Note
-------+----------+-------------------------------------------
     0 | D:1      | ABBCCCDDDD the Tengu Summoner began the quest for the Orb.
     0 | D:1      | Reached XP level 1. HP: 10/10 MP: 4/4
   399 | D:1      | Reached XP level 2. HP: 16/16 MP: 6/6
  1683 | D:2      | Reached skill level 1 in Fighting
  1746 | D:2      | Reached XP level 3. HP: 18/20 MP: 7/7
  1978 | D:2      | Found a faded altar of an unknown god.
  2413 | D:2      | Learned a level 2 spell: Call Imp
  2423 | D:2      | Found a basalt altar of Yredelemnul.
  2768 | D:2      | Reached XP level 4. HP: 24/25 MP: 8/8
  2984 | D:2      | You fall into a shaft and drop 1 floor!
  3122 | D:3      | Reached skill level 1 in Shields
  3393 | D:3      | Found a glowing drain.
  3424 | Sewer    | Entered a sewer
  3646 | Sewer    | Gained mutation: You can fly continuously. [Tengu growth]
  3646 | Sewer    | Reached XP level 5. HP: 30/30 MP: 7/9
  4150 | D:3      | Noticed an ogre
  4174 | D:3      | Killed an ogre
  4175 | D:3      | Reached skill level 1 in Short Blades
  4788 | D:2      | Reached XP level 6. HP: 35/35 MP: 10/10
  5514 | D:4      | Reached XP level 7. HP: 36/40 MP: 8/11
  5680 | D:4      | Reached skill level 5 in Stealth
  5765 | D:4      | Learned a level 4 spell: Petrify
  6370 | D:5      | Entered Level 5 of the Dungeon
  6491 | D:5      | Reached XP level 8. HP: 48/48 MP: 12/12
  7181 | D:5      | Reached skill level 5 in Fighting
  7397 | D:5      | Found an opulent altar of Gozag.
  8505 | D:6      | Found a shimmering altar of Xom.
  8506 | D:6      | Found a blossoming altar of Fedhas.
  8507 | D:6      | Found a bloodstained altar of Trog.
  8522 | D:6      | Found a burning altar of Makhleb.
  8990 | D:6      | Reached XP level 9. HP: 56/56 MP: 13/13
 10981 | D:7      | Found Zaemon's Weapon Shop.
 11949 | D:7      | Found a broken altar of Ashenzari.
 12728 | D:7      | Found a large runed translucent door.
 12728 | D:7      | Found a large runed translucent door.
 12733 | D:7      | Noticed PaladinM's ghost (novice DsFi)
 12766 | D:7      | Found a shimmering blue altar of Sif Muna.
 12823 | D:7      | Found a staircase to the Ecumenical Temple.
 12838 | Temple   | Entered the Ecumenical Temple
 12874 | Temple   | Became a worshipper of Zin the Law-Giver
 12874 | Temple   | Reached * piety under Zin
 13237 | D:8      | Reached ** piety under Zin
 13250 | D:8      | Found a snail-covered altar of Cheibriados.
 13492 | D:7      | Reached XP level 10. HP: 61/68 MP: 8/14
 13994 | D:8      | Learned a level 4 spell: Summon Lightning Spire
 14260 | D:8      | Reached skill level 10 in Fighting
 14263 | D:8      | Reached skill level 5 in Summonings
 14263 | D:8      | Reached skill level 1 in Air Magic
 16425 | D:8      | Reached skill level 1 in Evocations
 17609 | D:9      | Found a white marble altar of Elyvilon.
 18734 | D:8      | Reached skill level 5 in Air Magic
 19167 | D:9      | Identified the +1 buckler of Too Many Cooks {rElec rPois
                  | Dex+5}
 20793 | D:9      | Reached XP level 11. HP: 37/72 MP: 10/15
 21403 | D:9      | Found a staircase to the Orcish Mines.
 21598 | D:10     | Entered Level 10 of the Dungeon
 21680 | D:10     | Noticed a two-headed ogre
 22086 | D:10     | Reached skill level 10 in Stealth
 22098 | D:10     | Reached *** piety under Zin
 22155 | D:10     | Killed a two-headed ogre
 23714 | D:10     | Found the +8 autumn katana {vorpal, Clar}
 23792 | D:11     | Noticed Nergalle
 24054 | D:11     | Reached skill level 1 in Long Blades
 24055 | D:11     | Noticed a cyan ugly thing
 25031 | Orc:1    | Entered Level 1 of the Orcish Mines
 25031 | Orc:1    | Noticed a cyclops
 25037 | Orc:1    | Hit by a boomerang thrown by an orc warrior

Illustrated notes

Levels and vault maps discovered:
D:1:      minmay_arrival_loop, layout_basic, chequers_serial_rivers_small_a
D:2:      minmay_general_purpose_star, layout_loops_ring,
          lemuel_zombie_altar_yredelemnul, chequers_ecumenical_altar_twisty
D:3:      layout_basic, portal_sewer_entry_d, minmay_misc_feat_doors,
          feat_on_display
D:4:      layout_rooms, grunt_decor_mini_mirrors, serial_bayou_lake_a
D:5:      lemuel_ratsnest, layout_cave_pools, kennysheep_mini_moat, hex_tiny
D:6:      lemuel_castle_with_subvaults [lemuel_castle_interior_original],
          layout_cave_pools, nicolae_overflow_quartered_altars,
          grunt_ministairs_9
D:7:      layout_rooms, nicolae_ashenzari_panopticon, tgw_sif,
          minmay_temple_entry_large_hall, ebering_ghost_disaster_area,
          serial_shops, nicolae_shop_crystal
D:8:      black_bear_nest_1, layout_basic, kennysheep_mini, minmay_manual_mullet
D:9:      layout_cave_pools, lemuel_doored_altar, david_orc_4
D:10:     minmay_the_grid_octo_2x2 [minmay_the_grid_octo_fan_narrow,
          minmay_the_grid_octo_concentric, minmay_the_grid_octo_vomiting_pacman,
          minmay_the_grid_octo_prize_single_spiral], layout_rooms
D:11:     layout_stronghold, david_lair_generic, serial_glass, glass_columns_c,
          glass_columns_a, uniq_nergalle
Temple:   nicolae_temple_hex_pool
Orc:1:    layout_caves

Skill      XL: |  1  2  3  4  5  6  7  8  9 10 11 |
---------------+----------------------------------+-----
Fighting       | 1 2 4 6 9 10 | 10.0
Stealth        | 3 4 5 7 8 9 10 | 10.0
Dodging        | 3 4 |  4.0
Shields        | 1 2 3 4 |  4.0
Short Blades   | 1 |  1.7
Summonings     | 7 8 |  8.0
Air Magic      | 6 9 |  9.2
Evocations     | 2 4 |  4.6
Long Blades    | 2 |  2.3
Spellcasting   | |  2.0

Action                   |  1- 3 |  4- 6 |  7- 9 | 10-12 || total
-------------------------+-------+-------+-------+-------++-------
Melee: Dagger            |   114 |   150 |   632 |   729 ||  1625
       Kick              |    20 |    35 |   185 |   225 ||   465
       Peck              |    12 |    24 |   111 |   162 ||   309
       Katana            |       |       |       |    25 ||    25
Throw: Dart              |       |    10 |    60 |    22 ||    92
 Cast: Summon Small Mamm |    22 |    17 |    58 |    61 ||   158
       Call Imp          |     1 |     9 |    37 |       ||    47
       Summon Lightning  |       |       |       |    19 ||    19
 Abil: Fly               |       |     1 |       |       ||     1
  Use: Scroll            |       |     3 |     7 |     2 ||    12
       Potion            |       |       |     1 |     2 ||     3
 Stab: Sleeping          |     8 |    20 |    23 |    23 ||    74
       Distracted        |     2 |       |     4 |     5 ||    11
Armor: Robe              |     3 |     8 |    40 |    48 ||    99
       Leather armour    |    13 |     2 |       |       ||    15
       Troll leather arm |       |       |       |     4 ||     4
Dodge: Dodged            |    51 |    78 |   332 |   510 ||   971
Block: Buckler           |     9 |    21 |   124 |   210 ||   364
       Rpst.: Katana     |       |       |       |     5 ||     5
